 Dungeon Crawl Stone Soup version 0.30.1-9-gdf580d7c3d (webtiles) character file.

Game seed: 1524586581344733105

681 Cheops the Cudgeller (level 7, 0/88 HPs)
             Began as an Ogre Ice Elementalist on Oct 24, 2023.
             Slain by a gnoll
             ... wielding a +0 whip
             ... led by a gnoll bouda
              (7 damage)
             ... on level 5 of the Dungeon.
             The game lasted 00:18:27 (5041 turns).

Cheops the Cudgeller (Ogre Ice Elementalist)        Turns: 5041, Time: 00:18:27

Health: 0/88       AC:  3    Str: 13    XL:     7   Next: 61%
Magic:  4/11       EV:  9    Int: 18    God:
Gold:   185        SH:  0    Dex:  9    Spells: 1/12 levels left

rFire   + . .        d - +0 whip
rCold   . . .        v - orb {light}
rNeg    . . .        j - +0 animal skin
rPois   .            (helmet restricted)
rElec   .            (no cloak)
rCorr   .            (gloves unavailable)
SInv    .            (boots unavailable)
Will    .....        (no amulet) Stlth
                     o - ring of protection from fire
HPRegen 0.34/turn    (no ring)
MPRegen 0.12/turn

%: no passive effects
@: berserking, weakened, glowing, very quick
A: large, unfitting armour, tough skin 1
a: no special abilities


You were on level 5 of the Dungeon.
You visited 1 branch of the dungeon, and saw 5 of its levels.
You also visited: Sewer.

You collected 185 gold pieces.

Inventory:

Hand Weapons
 d - a +0 whip (weapon)
Missiles
 q - 39 stones (quivered)
Armour
 a - a +0 robe
 j - a +0 animal skin (worn)
 v - an orb of light (worn)
Jewellery
 o - a ring of protection from fire (left hand)
Wands
 l - a wand of charming (2)
 u - a wand of polymorph (2)
Scrolls
 c - 3 scrolls of fog
 e - a scroll of brand weapon {unknown}
 i - a scroll of vulnerability
 k - a scroll of teleportation
 n - a scroll of enchant weapon
 s - a scroll of torment
Potions
 b - a potion of magic
 f - a potion of degeneration {unknown}
 g - 2 potions of brilliance {unknown}
 h - a potion of invisibility {unknown}
 m - 2 potions of ambrosia {unknown}
 p - a potion of berserk rage
 r - a potion of heal wounds {unknown}
 t - a potion of mutation
 w - a potion of lignification {unknown}
 x - a potion of curing {unknown}


   Skills:
 - Level 6.1 Maces & Flails
 - Level 1.7 Dodging
 - Level 1.4 Stealth
 - Level 3.0 Spellcasting
 + Level 0.9 Summonings
 - Level 5.0 Ice Magic


You had one spell level left.
You knew the following spells:

 Your Spells              Type           Power      Damage    Failure   Level
a - Freeze                Ice            80%        1d9       1%          1
r - Frozen Ramparts       Ice            40%        1d7       6%          3
A - Ozocubu's Armour      Ice            20%        N/A       6%          3
I - Summon Ice Beast      Ice/Summ       13%        N/A       43%         4

Your spell library contained the following spells:

 Spells                   Type           Power      Damage    Failure   Level


Dungeon Overview and Level Annotations

Branches:
Dungeon (5/15)              Sewer (visited)
 Temple: D:4-7

Altars:
Trog
Uskayaw
Vehumet


Innate Abilities, Weirdness & Mutations

You are too large for most types of armour.
You have tough skin. (AC +1)


Message History

The gnoll bouda gazes fiercely through you!
You feel as though you will be weak longer.
You hit the gnoll but do no damage.
The gnoll is moderately wounded.
The wall freezes the gnoll.
The gnoll barely misses you.
The wall freezes the gnoll but does no damage.
The gnoll barely misses you.
You hit the gnoll.
The gnoll is heavily wounded.
The wall freezes the gnoll bouda.
The gnoll bouda hits you but does no damage.
The wall freezes the gnoll.
You kill the gnoll!
The wall freezes the gnoll but does no damage.
The gnoll hits you with a +0 whip.
* * * LOW HITPOINT WARNING * * *
You swing at nothing.
The wall freezes the gnoll bouda but does no damage.
The gnoll bouda gazes fiercely through you!
You feel as though you will be weak longer.
The gnoll bouda hits you with a +0 whip.
* * * LOW HITPOINT WARNING * * *
You hit the gnoll bouda but do no damage.
The gnoll bouda is moderately wounded.
The wall freezes the gnoll.
The gnoll barely misses you.
The wall freezes the gnoll bouda.
The gnoll bouda hits you with a +0 whip.
* * * LOW HITPOINT WARNING * * *
Okay, then.
Okay, then.
A red film seems to cover your vision as you go berserk!
You feel yourself moving faster!
You feel mighty!
The frozen ramparts melt away.
The gnoll hits you with a +0 whip.
* * * LOW HITPOINT WARNING * * *
The gnoll bouda hits you with a +0 whip.
* * * LOW HITPOINT WARNING * * *
You hit the gnoll bouda.
The gnoll bouda is heavily wounded.
The gnoll hits you with a +0 whip!
You die...

+....# #....#
######....#
..........#
..........+
..........#
.......<..#
.......ggg###
....####@)..#
... #....# .
+....# #....#
...### ...+
....# ....#
+###..


You could see a gnoll bouda and 2 gnolls.

Vanquished Creatures
  Eustachio (D:4)
  Pargi (Sewer)
  A scorpion (D:4)
  A wight (D:4)
  A jelly (D:4)
  Jessica (D:2)
  2 orc wizards (D:3)
  Robin (D:2)
  7 gnolls
  4 adders
  2 worms (D:2)
  2 dart slugs
  An orc (D:3)
  9 ball pythons
  14 bats
  7 endoplasms
  9 giant cockroaches
  14 goblins
  12 hobgoblins
  6 quokkas
  2 frilled lizards (D:3)
  9 kobolds
  9 rats
116 creatures vanquished.

Notes
Turn   | Place    | Note
-------+----------+-------------------------------------------
     0 | D:1      | Cheops the Ogre Ice Elementalist began the quest for the
                  | Orb.
     0 | D:1      | Reached XP level 1. HP: 16/16 MP: 3/3
   199 | D:1      | Reached XP level 2. HP: 20/24 MP: 3/6
   554 | D:1      | Reached XP level 3. HP: 31/31 MP: 5/7
   979 | D:1      | Learned a level 3 spell: Frozen Ramparts
   983 | D:1      | Learned a level 3 spell: Ozocubu's Armour
   997 | D:2      | Noticed Robin
  1035 | D:2      | Noticed Jessica
  1042 | D:2      | Killed Jessica
  1043 | D:2      | Reached XP level 4. HP: 39/39 MP: 4/8
  1234 | D:2      | Reached skill level 5 in Ice Magic
  1418 | D:2      | Found a bloodstained altar of Trog.
  1570 | D:2      | Reached skill level 1 in Maces & Flails
  1570 | D:2      | Killed Robin
  1738 | D:2      | Reached XP level 5. HP: 45/45 MP: 6/9
  2040 | D:2      | Reached skill level 2 in Maces & Flails
  2447 | D:3      | Found a hide-covered altar of Uskayaw.
  2636 | D:3      | Found a glowing drain.
  2640 | Sewer    | Entered a sewer
  2708 | Sewer    | Noticed Pargi
  2721 | Sewer    | Killed Pargi
  2722 | Sewer    | Reached skill level 3 in Maces & Flails
  2722 | Sewer    | Reached XP level 6. HP: 34/53 MP: 2/10
  3257 | D:3      | Reached skill level 4 in Maces & Flails
  3592 | D:3      | Found a bloodstained altar of Trog.
  4033 | D:3      | Learned a level 4 spell: Summon Ice Beast
  4109 | D:4      | Found a radiant altar of Vehumet.
  4284 | D:4      | Noticed Eustachio
  4305 | D:4      | Killed Eustachio
  4306 | D:4      | Reached skill level 5 in Maces & Flails
  4306 | D:4      | Reached XP level 7. HP: 27/59 MP: 2/11
  4827 | D:4      | Reached skill level 6 in Maces & Flails
  5025 | D:5      | Entered Level 5 of the Dungeon
  5041 | D:5      | Slain by a gnoll

Illustrated notes

Levels and vault maps discovered:
D:1:      denvon_arrival_planthouse, layout_basic, minmay_close_crescents
D:2:      layout_basic, basic_altar, kennysheep_pointless_box,
          minmay_misc_feat_columns, nrook_uturn, uniq_robin, uniq_jessica
D:3:      layout_basic, nicolae_uskayaw_dance_hall,
          mainiacjoe_overflow_24_doors, gup_sewer_entry_spiral, st_stairs_4
D:4:      kennysheep_spiral_hall, layout_basic, mainiacjoe_overflow_chevrons,
          uniq_eustachio
D:5:      layout_gridville, mainiacjoe_overflow_concentric_impassable,
          lemuel_crystal_altar, serial_shops, shop, dreamdust_gnoll_farm,
          uniq_duvessa, uniq_grinder, uniq_edmund, uniq_ijyb

Skill      XL: |  1  2  3  4  5  6  7 |
---------------+----------------------+-----
Spellcasting   | 3 |  3.0
Ice Magic      | 4 5 |  5.0
Maces & Flails | 1 3 5 6 |  6.1
Dodging        | |  1.7
Stealth        | |  1.4
Summonings     | |  0.9

Action                     |  1- 3 |  4- 6 |  7- 9 || total
---------------------------+-------+-------+-------++-------
  Melee: Unarmed           |    49 |       |       ||    49
         Whip              |    48 |   113 |    39 ||   200
         Punch             |       |     1 |     1 ||     2
  Throw: Stone             |       |       |     1 ||     1
   Cast: Freeze            |    31 |    76 |    16 ||   123
         Frozen Ramparts   |       |     5 |     4 ||     9
         Ozocubu's Armour  |       |     1 |     1 ||     2
         Summon Ice Beast  |       |       |     2 ||     2
  Evoke: Wand              |       |     3 |       ||     3
    Use: Scroll            |       |     5 |     1 ||     6
         Potion            |       |       |     1 ||     1
 Armour: Robe              |    76 |     3 |       ||    79
         Animal skin       |       |    56 |    10 ||    66
  Dodge: Dodged            |    86 |    81 |    24 ||   191
